 Dungeon Crawl Stone Soup version 0.28-a0-983-g1de4e0787c (webtiles) character file.

Game seed: 2562392650983341767

149 Blackjack the Ducker (level 5, 0/43 HPs)
             Began as a Gnoll Gladiator on Dec 2, 2021.
             Was a Follower of the Shining One.
             Succumbed to Crazy Yiuf's poison
             ... on level 3 of the Dungeon.
             The game lasted 00:13:17 (2214 turns).

Blackjack the Ducker (Gnoll Gladiator)              Turns: 2214, Time: 00:13:17

Health: 0/43       AC: 11    Str: 14    XL:     5   Next: 31%
Magic:  6/7        EV:  8    Int:  9    God:    the Shining One [*.....]
Gold:   47         SH:  0    Dex: 13    Spells: 6/6 levels left

rFire   . . .      SeeInvis .   m - +3 mace
rCold   . . .      Faith    .   (no shield)
rNeg    . . .      Spirit   .   n - +0 chain mail
rPois   .          Reflect  .   c - +0 helmet
rElec   .          Harm     .   i - +0 cloak
rCorr   .          Rampage  .   k - +0 pair of gloves
Will    .....                   (no boots)
Stlth   ..........              (no amulet)
HPRegen 0.14/turn               (no ring)
MPRegen 0.10/turn               (no ring)

@: mighty, lethally poisoned (0 -> -5), on berserk cooldown, flying, slowed,
glowing, very slow
A: fangs 1, strong nose, distributed training
a: Renounce Religion, Divine Shield


You were on level 3 of the Dungeon.
You worshipped the Shining One.
The Shining One was aware of your devotion.
You visited 1 branch of the dungeon, and saw 3 of its levels.

You collected 137 gold pieces.
You spent 90 gold pieces at shops.

Inventory:

Hand Weapons
 b - a +4 quarterstaff of chaos
 m - a +3 mace (weapon)
Missiles
 d - 3 throwing nets (quivered)
Armour
 c - a +0 helmet (worn)
 f - a +0 cloak
 i - a +0 cloak (worn)
 k - a +0 pair of gloves (worn)
 n - a +0 chain mail (worn)
Scrolls
 a - a scroll of identify {unknown}
 e - a scroll of vulnerability {unknown}
 j - a scroll of enchant weapon {unknown}
Potions
 g - a potion of flight
 h - a potion of brilliance


   Skills:
 + Level 4.7 Fighting
 + Level 1.4 Short Blades
 + Level 1.4 Long Blades
 + Level 6.7 Axes
 + Level 1.4 Maces & Flails
 + Level 1.4 Polearms
 + Level 1.4 Staves
 + Level 1.4 Slings
 + Level 1.4 Bows
 + Level 1.4 Crossbows
 + Level 4.7 Throwing
 + Level 1.4 Armour
 + Level 6.7 Dodging
 + Level 1.4 Stealth
 + Level 1.4 Shields
 + Level 1.4 Unarmed Combat
 + Level 1.4 Spellcasting
 + Level 1.1 Conjurations
 + Level 1.1 Hexes
 + Level 1.1 Summonings
 + Level 1.1 Necromancy
 + Level 1.1 Translocations
 + Level 1.1 Transmutations
 + Level 1.1 Fire Magic
 + Level 1.1 Ice Magic
 + Level 1.1 Air Magic
 + Level 1.1 Earth Magic
 + Level 1.1 Poison Magic
 + Level 1.6 Invocations
 + Level 1.4 Evocations


You had 6 spell levels left.
You didn't know any spells.
Your spell library contained the following spells:

 Spells                   Type           Power      Damage    Failure   Level
 Sting                    Tmut/Pois      8%         1d3       99%         1
 Summon Small Mammal      Summ           8%         N/A       99%         1
 Poisonous Vapours        Pois/Air       4%         N/A       100%        2
 Call Canine Familiar     Summ           2%         N/A       100%        3
 Gell's Gravitas          Tloc           2%         N/A       100%        3
 Lesser Beckoning         Tloc           2%         N/A       100%        3
 Summon Guardian Golem    Hex/Summ       2%         N/A       100%        3
 Teleport Other           Tloc           2%         N/A       100%        3
 Olgreb's Toxic Radiance  Pois           2%         N/A       100%        4


Dungeon Overview and Level Annotations

Branches:
Dungeon (3/15)

Altars:
Zin
The Shining One


Innate Abilities, Weirdness & Mutations

You have very sharp teeth.
Your uncanny sense of smell can sniff out nearby items.
Your experience applies equally to all skills.


Message History

You hit Crazy Yiuf.
Crazy Yiuf is severely wounded.
Crazy Yiuf hits you with a +4 quarterstaff of chaos!
* * * LOW HITPOINT WARNING * * *
You feel better.
Crazy Yiuf hits you with a +4 quarterstaff of chaos.
* * * LOW HITPOINT WARNING * * *
You feel your power leaking away.
You feel better.
Crazy Yiuf hits you with a +4 quarterstaff of chaos.
* * * LOW HITPOINT WARNING * * *
You are lethally poisoned!
You sock Crazy Yiuf!
You kill Crazy Yiuf!
* * * LOW HITPOINT WARNING * * *
You feel very sick.
It was a potion of berserk rage.
A red film seems to cover your vision as you go berserk!
You feel yourself moving faster!
You feel mighty!
* * * LOW HITPOINT WARNING * * *
You feel sick.
You are too berserk!
You feel a strong urge to attack something.
* * * LOW HITPOINT WARNING * * *
You feel sick.
Things that are here:
a +4 quarterstaff of chaos; a +0 cloak
b - a +4 quarterstaff of chaos;
f - a +0 cloak
* * * LOW HITPOINT WARNING * * *
You feel sick.
You are too berserk!
You feel your anger nearly subside.
You are no longer berserk.
You are exhausted.
You feel yourself slow down.
* * * LOW HITPOINT WARNING * * *
You feel sick.
It was a potion of flight.
You feel very buoyant.
You fly up into the air.
You die...

#.# #.##⌠## #.#
#..###. #.#
##..... #.#
###### #.# #.#
#.# #.########
#@##..)#)### ###
#....P.)#))##)))#
#....P.####)')).#
##.#.P## ###)))#
###### ###


There were no monsters in sight!

Vanquished Creatures
  Crazy Yiuf (D:3)
  Terence (D:2)
  4 adders (D:2)
  A worm (D:2)
  3 dart slugs
  An orc (D:3)
  8 endoplasms
  2 giant cockroaches (D:1)
  4 hobgoblins
  7 jackals (D:1)
  2 kobolds
  A quokka (D:1)
  6 ball pythons
  2 bats
  4 frilled lizards
  A goblin (D:3)
  3 rats
51 creatures vanquished.

Notes
Turn   | Place    | Note
-------+----------+-------------------------------------------
     0 | D:1      | Blackjack the Gnoll Gladiator began the quest for the Orb.
     0 | D:1      | Reached XP level 1. HP: 20/20 MP: 1/1
   231 | D:1      | Reached XP level 2. HP: 24/26 MP: 2/2
   694 | D:1      | Reached XP level 3. HP: 31/31 MP: 3/3
   959 | D:2      | Reached skill level 1 in Invocations
  1165 | D:2      | Reached skill level 1 in Short Blades
  1165 | D:2      | Reached skill level 1 in Long Blades
  1165 | D:2      | Reached skill level 1 in Maces & Flails
  1165 | D:2      | Reached skill level 1 in Polearms
  1165 | D:2      | Reached skill level 1 in Staves
  1165 | D:2      | Reached skill level 1 in Slings
  1165 | D:2      | Reached skill level 1 in Bows
  1165 | D:2      | Reached skill level 1 in Crossbows
  1165 | D:2      | Reached skill level 1 in Armour
  1165 | D:2      | Reached skill level 1 in Stealth
  1165 | D:2      | Reached skill level 1 in Shields
  1165 | D:2      | Reached skill level 1 in Unarmed Combat
  1165 | D:2      | Reached skill level 1 in Spellcasting
  1165 | D:2      | Reached skill level 1 in Evocations
  1170 | D:2      | Found a faded altar of an unknown god.
  1181 | D:2      | Reached XP level 4. HP: 22/38 MP: 5/5
  1337 | D:2      | Prayed at the altar of an unknown god.
  1337 | D:2      | Became a worshipper of the Shining One
  1337 | D:2      | Reached * piety under the Shining One
  1515 | D:2      | Reached skill level 1 in Conjurations
  1515 | D:2      | Reached skill level 1 in Hexes
  1515 | D:2      | Reached skill level 1 in Summonings
  1515 | D:2      | Reached skill level 1 in Necromancy
  1515 | D:2      | Reached skill level 1 in Translocations
  1515 | D:2      | Reached skill level 1 in Transmutations
  1515 | D:2      | Reached skill level 1 in Fire Magic
  1515 | D:2      | Reached skill level 1 in Ice Magic
  1515 | D:2      | Reached skill level 1 in Air Magic
  1515 | D:2      | Reached skill level 1 in Earth Magic
  1515 | D:2      | Reached skill level 1 in Poison Magic
  1550 | D:2      | Noticed Terence
  1665 | D:2      | Killed Terence
  1666 | D:2      | Reached XP level 5. HP: 28/43 MP: 6/6
  2128 | D:3      | Found Zin's Purification Station.
  2140 | D:3      | Found a glowing silver altar of Zin.
  2145 | D:3      | Bought a potion of curing for 90 gold pieces
  2186 | D:3      | Found a runed translucent door.
  2187 | D:3      | Noticed Crazy Yiuf
  2209 | D:3      | Killed Crazy Yiuf
  2213 | D:3      | HP: 2/43 [poisoned by Crazy Yiuf]
  2214 | D:3      | Succumbed to Crazy Yiuf's poison

Illustrated notes

Levels and vault maps discovered:
D:1:      lemuel_arrival_muddy, layout_basic, minmay_misc_feat_roman
D:2:      layout_loops_ring, nicolae_ecumenical_snake_handling, uniq_terence
D:3:      layout_rooms, zin_purify, item_on_display_a, uniq_ijyb,
          uniq_crazy_yiuf_cottage, uniq_jessica

Skill      XL: |  1  2  3  4 |
---------------+-------------+-----
Invocations    | 1 |  1.6
Short Blades   | 1 |  1.4
Long Blades    | 1 |  1.4
Maces & Flails | 1 |  1.4
Polearms       | 1 |  1.4
Staves         | 1 |  1.4
Slings         | 1 |  1.4
Bows           | 1 |  1.4
Crossbows      | 1 |  1.4
Armour         | 1 |  1.4
Stealth        | 1 |  1.4
Shields        | 1 |  1.4
Unarmed Combat | 1 |  1.4
Spellcasting   | 1 |  1.4
Evocations     | 1 |  1.4
Conjurations   | 1 |  1.1
Hexes          | 1 |  1.1
Summonings     | 1 |  1.1
Necromancy     | 1 |  1.1
Translocations | 1 |  1.1
Transmutations | 1 |  1.1
Fire Magic     | 1 |  1.1
Ice Magic      | 1 |  1.1
Air Magic      | 1 |  1.1
Earth Magic    | 1 |  1.1
Poison Magic   | 1 |  1.1
Fighting       | |  4.7
Axes           | |  6.7
Throwing       | |  4.7
Dodging        | |  6.7

Action                   |  1- 3 |  4- 6 || total
-------------------------+-------+-------++-------
Melee: War axe           |    83 |    37 ||   120
       Bite              |     9 |     7 ||    16
       Mace              |       |     8 ||     8
  Use: Potion            |       |     8 ||     8
Armor: Leather armour    |    15 |       ||    15
       Ring mail         |     8 |    11 ||    19
Dodge: Dodged            |    63 |    32 ||    95

Table legend: (Time is in decaauts)
 A = Elapsed time spent in this place.
 B = Non-inter-level travel time spent in this place.
 C = Inter-level travel time spent in this place.
 D = Time resting spent in this place.
 E = Time spent auto-exploring this place.
 F = Levels seen in this place.
 G = Mean time per level.
                   A        B        C        D        E       F      G
               +--------+--------+--------+--------+--------+-----+--------+
         Total |   2235 |   2206 |     29 |      0 |   1648 |   3 |  745.0 |
       Dungeon |   2235 |   2206 |     29 |      0 |   1648 |   3 |  745.0 |
               +--------+--------+--------+--------+--------+-----+--------+

Top non-repeatable levels by time:
     D:2: 1125 daAuts
     D:1: 960 daAuts
     D:3: 150 daAuts
